 Dungeon Crawl Stone Soup version 0.29-a0-284-gf9362112df (webtiles) character file.

Game seed: 8264883833594693860

42 GigaChad the Grasshopper (level 3, 0/32 HPs)
             Began as a Naga Warper on Mar 30, 2022.
             Slain by a gnoll
             ... wielding a +0 halberd
              (13 damage)
             ... on level 2 of the Dungeon.
             The game lasted 00:07:41 (1379 turns).

GigaChad the Grasshopper (Naga Warper)              Turns: 1379, Time: 00:07:41

Health: 0/32       AC:  5    Str: 13    XL:     3   Next: 54%
Magic:  6/6        EV:  4    Int: 13    God:
Gold:   101        SH:  0    Dex: 12    Spells: 6/6 levels left

rFire   . . .      SeeInvis +   e - +3 hand axe (freeze)
rCold   . . .      Faith    .   f - orb {mayhem}
rNeg    . . .      Spirit   .   h - +0 chain mail
rPois   +          Reflect  .   (no helmet)
rElec   .          Harm     .   (no cloak)
rCorr   .          Rampage  .   (no gloves)
Will    .....                   (no barding)
Stlth   ..........              (no amulet)
HPRegen 0.10/turn               (no ring)
MPRegen 0.10/turn               (no ring)

@: very slow
A: AC +1, large, see invisible, deformed body, poison resistance, slowness 2,
spit poison 1, naga tail 1
a: Spit Poison


You were on level 2 of the Dungeon.
You visited 1 branch of the dungeon, and saw 2 of its levels.

You collected 101 gold pieces.

Inventory:

Hand Weapons
 a - a +0 falchion
 e - a +3 hand axe of freezing (weapon)
 g - a +0 spear
Missiles
 d - 7 boomerangs of dispersal (quivered)
Armour
 b - a +0 leather armour
 f - an orb of mayhem (worn)
 h - a +0 chain mail (worn)
Scrolls
 c - a scroll of blinking


   Skills:
 + Level 2.2 Fighting
 + Level 2.0 Long Blades
 + Level 1.1 Axes
 + Level 0.8 Throwing
 + Level 1.3 Armour
 + Level 1.8 Dodging
 + Level 2.1 Spellcasting
 + Level 3.5 Translocations


You had 6 spell levels left.
You didn't know any spells.
Your spell library contained the following spells:

 Spells                   Type           Power      Damage    Failure   Level
 Blink                    Tloc           20%        N/A       97%         2
 Gell's Gravitas          Tloc           10%        N/A       99%         3
 Lesser Beckoning         Tloc           10%        N/A       99%         3
 Teleport Other           Tloc           10%        N/A       99%         3
 Manifold Assault         Tloc           10%        N/A       100%        5


Dungeon Overview and Level Annotations

Branches:
Dungeon (2/15)

Altars:


Innate Abilities, Weirdness & Mutations

Your serpentine skin is tough. (AC +1)
You have supernaturally acute eyesight. (SInv)
Armour fits poorly on your strangely shaped body.
Your system is resistant to poisons. (rPois)
You cover ground very slowly.
You can spit poison.
You have a snake-like lower body.


Message History

Things that are here:
a +0 club; 2 stones; a ball python corpse
j - a scroll labelled MAAPTIOWEO
k - a scroll labelled GEHYBU HUNN
As you read the scroll labelled NOESHRA UFRO, it crumbles to dust.
You feel aware of your surroundings.
It was a scroll of magic mapping.
As you read the scroll labelled MAAPTIOWEO, it crumbles to dust.
It is a scroll of identify.
k - a scroll of teleportation
As you read the scroll of teleportation, it crumbles to dust.
You feel strangely unstable.
Your surroundings suddenly seem different.
Things that are here:
a +0 short sword; a stone
There is a stone staircase leading down here.
There is a stone staircase leading down here.
There is a stone staircase leading down here.
You climb downwards.
Found a stone staircase leading down.
There is a stone staircase leading up here.
Found a bubbling brown potion.
A gnoll comes into view. It is wielding a +0 halberd.
The gnoll shouts!
You hear a shout!
The gnoll moves out of view.
A gnoll comes into view. It is wielding a +0 whip.
The gnoll moves out of view.
Found 2 gold pieces.
You see here a bubbling brown potion.
The gnoll hits you from afar with a +0 halberd. x2
The gnoll completely misses you.
You hit the gnoll. You freeze the gnoll.
The gnoll is moderately wounded.
The gnoll hits you with a +0 halberd!
You hit the gnoll. You freeze the gnoll.
The gnoll is severely wounded.
The gnoll barely misses you.
You closely miss the gnoll.
The gnoll is severely wounded.
The gnoll barely misses you. The gnoll hits you with a +0 halberd!
You die...

.... .#.#
#..#####.#.#
.##...#....#.##
...............
.......<..#.#
.#.###.......>#
....#######...###
#......!.......#
#.##....@g...#..#
#.........#.....
##..#+#.........
#.## ##........
... #........
..## ###.....g
..# #..... $.
.....


You could see a gnoll.

Vanquished Creatures
  A gnoll (D:1)
  A dart slug (D:1)
  3 endoplasms (D:1)
  A giant cockroach (D:1)
  A goblin (D:1)
  2 hobgoblins (D:1)
  3 quokkas (D:1)
  2 ball pythons (D:1)
  3 bats (D:1)
  5 frilled lizards (D:1)
  3 kobolds (D:1)
  4 rats (D:1)
29 creatures vanquished.

Vanquished Creatures (collateral kills)
  2 bats (D:1)
2 creatures vanquished.

Grand Total: 31 creatures vanquished

Notes
Turn   | Place    | Note
-------+----------+-------------------------------------------
     0 | D:1      | GigaChad the Naga Warper began the quest for the Orb.
     0 | D:1      | Reached XP level 1. HP: 19/19 MP: 3/3
   144 | D:1      | Reached XP level 2. HP: 10/26 MP: 5/5
   720 | D:1      | Reached skill level 1 in Armour
   739 | D:1      | Reached XP level 3. HP: 21/32 MP: 6/6
   873 | D:1      | Reached skill level 1 in Axes
  1379 | D:2      | Slain by a gnoll

Illustrated notes

Levels and vault maps discovered:
D:1:      roderic_crossed_star, layout_basic, hex_intersection,
          minmay_misc_feat_columns, minmay_pentomino_w2
D:2:      cheibrodos_greedy_goblins, layout_rooms, minmay_ruptured

Skill      XL: |  1  2  3 |
---------------+----------+-----
Armour         | 1 |  1.3
Axes           | 1 |  1.1
Fighting       | |  2.2
Long Blades    | |  2.0
Throwing       | |  0.8
Dodging        | |  1.8
Spellcasting   | |  2.1
Translocations | |  3.5

Action                   || total
-------------------------++-------
Melee: Hand axe          ||    64
  Use: Scroll            ||     4
Armor: Leather armour    ||    15
       Chain mail        ||    10
Dodge: Dodged            ||    41

Table legend: (Time is in decaauts)
 A = Elapsed time spent in this place.
 B = Non-inter-level travel time spent in this place.
 C = Inter-level travel time spent in this place.
 D = Time resting spent in this place.
 E = Time spent auto-exploring this place.
 F = Levels seen in this place.
 G = Mean time per level.
                   A        B        C        D        E       F      G
               +--------+--------+--------+--------+--------+-----+--------+
         Total |   1905 |   1905 |      0 |      0 |      0 |   2 |  952.5 |
       Dungeon |   1905 |   1905 |      0 |      0 |      0 |   2 |  952.5 |
               +--------+--------+--------+--------+--------+-----+--------+

Top non-repeatable levels by time:
     D:1: 1879 daAuts
     D:2: 25 daAuts
